 Dungeon Crawl Stone Soup version 0.22-a0-284-g99d1f74 (webtiles) character file.

39 Amnesiac the Ducker (level 3, 0/19 HPs)
             Began as a Spriggan Fighter on Mar 21, 2018.
             Slain by a goblin
             ... wielding a +0 club
              (6 damage)
             ... on level 3 of the Dungeon.
             The game lasted 00:00:53 (320 turns).

Amnesiac the Ducker (Spriggan Fighter)               Turns: 320, Time: 00:00:54

Health: 0/19       AC:  2    Str: 13    XL:     3   Next: 28%
Magic:  4/4        EV: 19    Int:  9    God:
Gold:   5          SH:  6    Dex: 15    Spells: 2/2 levels left

rFire    . . .     SeeInvis +   a - +0 long sword
rCold    . . .     Gourm    .   c - +0 buckler
rNeg     . . .     Faith    .   b - +0 robe
rPois    .         Spirit   .   (helmet restricted)
rElec    .         Reflect  .   (no cloak)
rCorr    .         Harm     .   (gloves unavailable)
MR       .....                  (boots unavailable)
Stlth    +.........             (no amulet)
HPRegen  0.06/turn              (no ring)
MPRegen  0.09/turn              (no ring)

@: very quick
A: very small, unfitting armour, see invisible, herbivore, speed 3, slow
metabolism 2
a: no special abilities


You were on level 3 of the Dungeon.
You were not hungry.

You visited 1 branch of the dungeon, and saw 3 of its levels.

You collected 5 gold pieces.

Inventory:

Hand Weapons
 a - a +0 long sword (weapon)
Missiles
 e - 16 poisoned needles
Armour
 b - a +0 robe (worn)
 c - a +0 buckler (worn)
Scrolls
 g - 3 scrolls of identify {!r, unknown}
 h - a scroll of noise {!r, unknown}
 i - a scroll of magic mapping {!r, unknown}
 j - a scroll of remove curse {!r, unknown}
Potions
 d - a potion of might {!q}
Comestibles
 f - a ration


   Skills:
 + Level 2.7 Fighting
 * Level 2.2 Long Blades
 + Level 4.8 Dodging
 + Level 2.4 Shields


You had 2 spell levels left.
You didn't know any spells.

Dungeon Overview and Level Annotations

Branches:
Dungeon (3/15)

Altars:


Innate Abilities, Weirdness & Mutations

You are very small and have problems with some larger weapons.
You are too small for most types of armour.
You have supernaturally acute eyesight. (SInv)
You are a herbivore.
You cover ground extremely quickly.
You need to consume almost no food.


Message History

g - 3 scrolls labeled RUKOJA ZAM {!r} (gained 1)
j - a scroll labeled AJOGYF NAL {!r}
There are no items here.
A kobold comes into view.
There are monsters nearby!
A jelly comes into view.
The kobold shouts!
The jelly quivers.
You hear an angry hiss.
The bat closely misses you.
You riposte.
You completely miss the bat.
A bat comes into view.
You miss the bat. You block the bat's attack. x2
The jelly jiggles.
You slash the bat!
You kill the bat!
You block the bat's attack. The bat completely misses you.
A goblin comes into view. It is wielding a club.
You closely miss the bat. The bat completely misses you.
You block the bat's attack. The kobold closely misses you.
The goblin shouts!
A worm comes into view.
You slash the jelly!
Your hands burn!
The jelly is heavily wounded.
The jelly misses you.
You hit the jelly.
Your hands burn!
* * * LOW HITPOINT WARNING * * *
The jelly is almost dead.
The jelly barely misses you.
You riposte.
Your shield prevents you from hitting the jelly.
The jelly is almost dead.
An adder comes into view.
You hit the jelly.
Your hands burn!
* * * LOW HITPOINT WARNING * * *
The jelly is almost dead.
The jelly closely misses you.
You riposte.
You barely miss the jelly.
The jelly is almost dead.
You slash the jelly!
You kill the jelly!
Your Long Blades skill increases to level 2!
You have reached level 3!
Your experience leads to an increase in your attributes!
Increase (S)trength, (I)ntelligence, or (D)exterity?
You feel stronger. The kobold barely misses you.
You riposte.
You hit the kobold.
The kobold is severely wounded.
You barely miss the kobold.
The kobold is severely wounded.
You block the kobold's attack.
You slash the kobold!
You kill the kobold!
You block the bat's attack. The bat closely misses you.
You miss the bat. The bat closely misses you.
You riposte.
You closely miss the bat. You hit the bat.
The bat is severely wounded.
You block the bat's attack. x3
You slash the bat!
You kill the bat!
The goblin barely misses you.
You riposte.
You closely miss the goblin. You barely miss the goblin.
You block the goblin's attack.
You hit the goblin.
The goblin is heavily wounded.
The goblin hits you with a club.
You die...

# # #.#. ############
..... #...w..g@..#
#...#.########.#
#.....†#######.#######
#..S.#................
..w.#g.
...........##### w##
#.# #.#######..# #. .#
#..# #. .# #..# #. .#
#..#######.##


You could see a worm and a goblin.

Vanquished Creatures
  A jelly (D:3)
  A dart slug (D:1)
  A leopard gecko (D:1)
  3 bats
  A goblin (D:2)
  A frilled lizard (D:1)
  A kobold (D:3)
  A rat (D:1)
10 creatures vanquished.

Notes
Turn   | Place    | Note
-------+----------+-------------------------------------------
     0 | D:1      | Amnesiac the Spriggan Fighter began the quest for the Orb.
     0 | D:1      | Reached XP level 1. HP: 11/11 MP: 2/2
   125 | D:2      | Reached XP level 2. HP: 11/16 MP: 3/3
   312 | D:3      | Reached XP level 3. HP: 5/19 MP: 4/4
   320 | D:3      | Slain by a goblin

Vault maps used:
D:1:      mainiacjoe_arrival_reflecting_pool, serial_forest,
          infiniplex_forest_lined_ring, infiniplex_forest_end_2,
          infiniplex_forest_lined_3_way, infiniplex_forest_clump_curved,
          infiniplex_forest_straight_2, infiniplex_forest_clump_diagonal
D:2:      first_ration
D:3:      trog_butcher_becter

Skill      XL: |  1  2 |
---------------+-------+-----
Long Blades    | 2 |  2.2
Fighting       | |  2.7
Dodging        | |  4.8
Shields        | |  2.4

Action                   || total
-------------------------++-------
Melee: Long sword        ||    28
Armor: Robe              ||     2
Dodge: Dodged            ||    19
Block: Buckler           ||    14
       Rpst.: Long sword ||     9

Table legend:
 A = Spawn XP
 B = Non-spawn XP
 C = Spawn XP percentage of total XP
 D = Spawn monster count
 E = Non-spawn monster count
 F = Spawn count percentage of total count
 G = Total turns spent on level
                    A         B        C        D         E        F      G
               +---------+---------+-------+---------+---------+-------+---------
         Total |       0 |      57 |   0.0 |       0 |      10 |   0.0 |   320
               +---------+---------+-------+---------+---------+-------+---------
           D:1 |       0 |      11 |   0.0 |       0 |       5 |   0.0 |    97
           D:2 |       0 |       2 |   0.0 |       0 |       1 |   0.0 |   174
           D:3 |       0 |      44 |   0.0 |       0 |       4 |   0.0 |    49
               +---------+---------+-------+---------+---------+-------+---------
